 Dungeon Crawl Stone Soup version 0.29.1-14-g9c671dbff4 (webtiles) character file.

Game seed: 17506829237355108443

3 Descartes the Sneak (level 1, -2/10 HPs)
             Began as a Felid Delver on Feb 17, 2023.
             Slain by a mummy (12 damage)
             ... in an ossuary.
             The game lasted 00:01:05 (137 turns).

Descartes the Sneak (Felid Delver)                   Turns: 137, Time: 00:01:06

Health: -2/10      AC:  1    Str:  8    XL:     1   Next: 41%
Magic:  2/2        EV: 17    Int: 11    God:
Gold:   0          SH:  0    Dex: 17    Spells: 0/0 levels left
                                        Lives:  0   Deaths: 0

rFire   . . .      SeeInvis +     - Unarmed
rCold   . . .      Faith    .   (shield unavailable)
rNeg    . . .      Spirit   .   (body armour unavailable)
rPois   .          Reflect  .   (helmet unavailable)
rElec   .          Harm     .   (cloak unavailable)
rCorr   .          Rampage  .   (gloves unavailable)
Will    .....                   (boots unavailable)
Stlth   ++++......              (no amulet)
HPRegen 0.03/turn               (no ring)
MPRegen 0.08/turn               (no ring)

@: quick
A: very small, claws 1, fangs 3, see invisible, speed 1, shaggy fur 1, stealthy
paws, no weapons or thrown items, no armour, multi-lived
a: no special abilities


You were in an ossuary.
You visited 1 branch of the dungeon, and saw 2 of its levels.
You also visited: Ossuary.

Inventory:

Wands
 e - a wand of digging (3)
Scrolls
 a - a scroll of fog
 c - a scroll of fear
Potions
 d - a potion of haste


   Skills:
 - Level 3.0 Fighting
 + Level 2.8 Dodging
 + Level 6.6 Stealth
 * Level 2.1 Unarmed Combat


You couldn't memorise any spells.
You didn't know any spells.
Your spell library was empty.

Dungeon Overview and Level Annotations

Branches:
Dungeon (5/15)             Temple (0/1) D:4         Ossuary (1/1)

Altars:


Innate Abilities, Weirdness & Mutations

You have sharp claws.
You have razor-sharp teeth.
You have supernaturally acute eyesight. (SInv)
You cover ground quickly. (Speed+)
You are covered in fur. (AC +1)
Your paws help you pounce on unaware monsters.
You are incapable of wielding weapons or throwing items.
You cannot wear armour.
You gain extra lives every three experience levels.


Message History

You scratch the kobold zombie.
The kobold zombie is heavily damaged.
You scratch the kobold zombie.
The kobold zombie is severely damaged.
The kobold zombie completely misses you.
You scratch the kobold zombie.
You destroy the kobold zombie!
You scratch the orc zombie. You bite the orc zombie.
The orc zombie is heavily damaged.
You scratch the orc zombie.
You destroy the orc zombie!
There is an empty arch of ancient stone here.
There is an empty arch of ancient stone here.
You scratch the gnoll zombie. You bite the gnoll zombie.
The gnoll zombie is heavily damaged.
The gnoll zombie barely misses you.
You scratch the gnoll zombie.
The gnoll zombie is severely damaged.
The gnoll zombie misses you.
You scratch the gnoll zombie but do no damage.
The gnoll zombie is severely damaged.
You scratch the gnoll zombie. You bite the gnoll zombie.
You destroy the gnoll zombie!
A hobgoblin zombie and 2 mummies come into view.
There is an empty arch of ancient stone here.
You scratch the mummy.
The mummy is lightly damaged.
The mummy closely misses you.
You scratch the mummy.
The mummy is moderately damaged.
You scratch the mummy.
The mummy is heavily damaged.
The mummy completely misses you.
You scratch the mummy.
The mummy is severely damaged.
You scratch the mummy.
The mummy is almost destroyed.
The mummy hits you!
Ouch! That really hurt!
You die...

#......
#....#
#....#
#....#
#....#
#....#
#....#
#..M.#
#..@.#
#.∩∩.#
######


You could see a mummy.

Vanquished Creatures
  2 gnoll zombies (Ossuary)
  A kobold zombie (Ossuary)
  An orc zombie (Ossuary)
4 creatures vanquished.

Vanquished Creatures (others)
  A plant (D:4)
1 creature vanquished.

Grand Total: 5 creatures vanquished

Notes
Turn   | Place    | Note
-------+----------+-------------------------------------------
     0 | D:5      | Descartes the Felid Delver began the quest for the Orb.
     0 | D:5      | Reached XP level 1. HP: 10/10 MP: 2/2
    42 | D:4      | Found a sand-covered staircase.
    51 | Ossuary  | Entered an ossuary
   137 | Ossuary  | Slain by a mummy

Illustrated notes

Levels and vault maps discovered:
D:4:      layout_loops_corners, minmay_temple_entry_overgrown,
          lightli_ossuary_entry_decrepit_ruins, lemuel_flame_loot_1
D:5:      layout_loops_cross, chequers_serial_rivers_small_b,
          grunt_ministairs_3, chequers_jeans, chequers_mini_garden
Ossuary:  ossuary_tomb_3

Action                   || total
-------------------------++-------
Melee: Unarmed           ||    27
       Bite              ||     4
  Use: Scroll            ||     1
Dodge: Dodged            ||    14
